 Dungeon Crawl Stone Soup version 0.29-a0-802-g34511f41fd (webtiles) character file.

Game seed: 16245125225034251796

193 Hasart the Shooter (level 5, -10/42 HPs)
             Began as a Demigod Hunter on July 4, 2022.
             Mangled by an iguana (11 damage)
             ... on level 4 of the Dungeon.
             The game lasted 00:02:40 (2926 turns).

Hasart the Shooter (Demigod Hunter)                 Turns: 2926, Time: 00:02:41

Health: -10/42     AC:  3    Str: 12    XL:     5   Next: 20%
Magic:  7/7        EV: 13    Int: 11    God:
Gold:   94         SH:  0    Dex: 21    Spells: 4/4 levels left

rFire   . . .      SeeInvis .   a - +0 shortbow
rCold   . . .      Faith    .   (shield currently unavailable)
rNeg    . . .      Spirit   .   c - +0 leather armour
rPois   .          Reflect  .   (no helmet)
rElec   .          Harm     .   (no cloak)
rCorr   .          Rampage  .   (no gloves)
Will    .....                   (no boots)
Stlth   ++........              (no amulet)
HPRegen 0.14/turn               (no ring)
MPRegen 0.10/turn               (no ring)

@: no status effects
A: high MP 1, forlorn, divine attributes
a: no special abilities


You were on level 4 of the Dungeon.
You visited 1 branch of the dungeon, and saw 4 of its levels.

You collected 94 gold pieces.

Inventory:

Hand Weapons
 a - a +0 shortbow (weapon)
Armour
 c - a +0 leather armour (worn)
Jewellery
 g - a ring of ice
 v - a ring of magical power
Wands
 s - a wand of flame (23)
Scrolls
 b - 2 scrolls of immolation
 h - a scroll of enchant armour {unknown}
 i - a scroll of fear {unknown}
 l - a scroll of fog {unknown}
 m - a scroll of noise {unknown}
 o - a scroll of enchant weapon {unknown}
 p - 2 scrolls of identify {unknown}
 t - 2 scrolls of teleportation {unknown}
Potions
 d - a potion of might {unknown}
 e - 2 potions of curing {unknown}
 f - 2 potions of mutation {unknown}
 j - a potion of brilliance {unknown}
 k - 5 potions of degeneration {unknown}
 n - a potion of haste {unknown}
 q - a potion of ambrosia {unknown}
 r - a potion of attraction {unknown}
 u - a potion of heal wounds {unknown}


   Skills:
 + Level 2.7 Fighting
 * Level 4.7 Ranged Weapons
 + Level 2.7 Dodging
 + Level 2.3 Stealth
 + Level 0.4 Evocations


You had 4 spell levels left.
You didn't know any spells.
Your spell library contained the following spells:

 Spells                   Type           Power      Damage    Failure   Level
 Ensorcelled Hibernation  Hex/Ice        0%         N/A       56%         2
 Passwall                 Tmut/Erth      0%         N/A       56%         2
 Swiftness                Air            0%         N/A       80%         3


Dungeon Overview and Level Annotations

Branches:
Dungeon (4/15)
 Temple: D:4-7


Innate Abilities, Weirdness & Mutations

You have an increased reservoir of magic. (+10% MP)
You shall have no god before yourself.
Your divine heritage dramatically boosts your attributes as you level up.


Message History

Aim: a gnoll, wielding a +0 flail (covering ground quickly, 69% to hit)
You shoot an arrow. The arrow hits the gnoll!
The gnoll is heavily wounded.
The gnoll hits you with a +0 flail!
Fire: a) +0 shortbow
Press: ? - help, Q - select action, (/) - cycle Shift-Dir - straight line, f/p - gnoll
Aim: a gnoll, wielding a +0 flail (heavily wounded, covering ground quickly, 69% to hit)
You shoot an arrow. The arrow hits the gnoll!
You kill the gnoll!
The iguana barely misses you.
Unknown command.
Fire: a) +0 shortbow
Press: ? - help, Q - select action, (/) - cycle Shift-Dir - straight line, f - iguana
Aim: an iguana (69% to hit)
You shoot an arrow.
The arrow hits the iguana but does no damage.
The iguana bites you!
* * * LOW HITPOINT WARNING * * *
Fire: a) +0 shortbow
Press: ? - help, Q - select action, (/) - cycle Shift-Dir - straight line, f/p - iguana
Aim: an iguana (69% to hit)
You shoot an arrow.
The arrow hits the iguana but does no damage.
The iguana misses you.
Unknown command.
Fire: a) +0 shortbow
Press: ? - help, Q - select action, (/) - cycle Shift-Dir - straight line, f/p - iguana
Aim: an iguana (69% to hit)
You shoot an arrow. The arrow barely misses the iguana.
The arrow closely misses the gnoll.
Your attacks no longer feel as feeble.
The iguana bites you!
* * * LOW HITPOINT WARNING * * *
Fire: a) +0 shortbow
Press: ? - help, Q - select action, (/) - cycle Shift-Dir - straight line, f/p - iguana
Aim: an iguana (69% to hit)
You shoot an arrow. The arrow hits the iguana!
The iguana is heavily wounded.
The iguana barely misses you. The iguana bites you!
You die...

##.## $.. ... ... ..#
#.# #.# #g# #.# #l#
#.# ##@## #.# ##...##
#.######### ##.....##
#.##.......
#.......###.##<######
#.........#......##
+.....................
#..........#.......###
##.......#.###..##.#
##.....###...#.# .#


You could see an iguana and a gnoll.

Vanquished Creatures
  A howler monkey (D:3)
  A gnoll bouda (D:4)
  3 gnolls (D:4)
  A worm (D:2)
  3 dart slugs
  5 orcs (D:3)
  2 endoplasms (D:1)
  4 giant cockroaches
  9 goblins
  7 hobgoblins
  8 jackals (D:1)
  9 kobolds
  A quokka (D:2)
  6 ball pythons
  9 bats
  5 frilled lizards
  7 rats
81 creatures vanquished.

Vanquished Creatures (others)
  A plant (D:3)
1 creature vanquished.

Grand Total: 82 creatures vanquished

Notes
Turn   | Place    | Note
-------+----------+-------------------------------------------
     0 | D:1      | Hasart the Demigod Hunter began the quest for the Orb.
     0 | D:1      | Reached XP level 1. HP: 17/17 MP: 3/3
    57 | D:1      | Reached skill level 1 in Stealth
   118 | D:1      | You fall into a shaft and drop 1 floor!
   167 | D:2      | Reached XP level 2. HP: 19/24 MP: 4/4
   594 | D:1      | Reached skill level 4 in Ranged Weapons
   608 | D:1      | Reached XP level 3. HP: 25/29 MP: 5/5
  1689 | D:3      | Reached XP level 4. HP: 6/37 MP: 6/6
  2920 | D:4      | Reached XP level 5. HP: 28/42 MP: 7/7
  2925 | D:4      | HP: 1/42 [iguana (9)]
  2926 | D:4      | Mangled by an iguana

Illustrated notes

Levels and vault maps discovered:
D:1:      mrwooster_arrival_statue, layout_basic,
          hellmonk_ecumenical_altar_run_dry
D:2:      layout_loops_ring, serial_glass, glass_columns_a, glass_columns_b,
          minivault_4, grunt_ministairs_3
D:3:      layout_basic, mainiacjoe_overflow_big_doors,
          nicolae_hepliaklqana_hazy_memory
D:4:      layout_loops_corners, fountainhead, uniq_robin, uniq_eustachio,
          uniq_edmund

Skill      XL: |  1  2  3 |
---------------+----------+-----
Stealth        | 1 2 |  2.3
Fighting       | 2 |  2.7
Dodging        | 2 |  2.7
Ranged Weapons | 4 |  4.7
Evocations     | |  0.4

Action                   |  1- 3 |  4- 6 || total
-------------------------+-------+-------++-------
 Fire: Shortbow          |   155 |    55 ||   210
Armor: Leather armour    |    13 |     4 ||    17
Dodge: Dodged            |    71 |    20 ||    91

Table legend: (Time is in decaauts)
 A = Elapsed time spent in this place.
 B = Non-inter-level travel time spent in this place.
 C = Inter-level travel time spent in this place.
 D = Time resting spent in this place.
 E = Time spent auto-exploring this place.
 F = Levels seen in this place.
 G = Mean time per level.
                   A        B        C        D        E       F      G
               +--------+--------+--------+--------+--------+-----+--------+
         Total |   2994 |   2898 |     96 |      0 |   2471 |   4 |  748.5 |
       Dungeon |   2994 |   2898 |     96 |      0 |   2471 |   4 |  748.5 |
               +--------+--------+--------+--------+--------+-----+--------+

Top non-repeatable levels by time:
     D:3: 1301 daAuts
     D:1: 920 daAuts
     D:2: 723 daAuts
     D:4: 48 daAuts
